 Dungeon Crawl Stone Soup version 0.19.0-2-gae57169 (webtiles) character file.

299 Monsterracer the Chopper (level 6, -8/55 HPs)
             Began as a Minotaur Monk on Nov 6, 2016.
             Killed by nerve-wracking pain
             ... invoked by Grinder
              (13 damage)
             ... on level 3 of the Dungeon.
             The game lasted 00:05:16 (1570 turns).

Monsterracer the Chopper (Minotaur Monk)            Turns: 1570, Time: 00:05:17

Health: -8/55      AC: 10    Str: 16      XL:     6   Next: 13%
Magic:  12/14      EV:  6    Int:  6 (7)  God:
Gold:   93         SH:  8    Dex: 14      Spells: 0 memorised, 5 levels left

rFire  . . .     SeeInvis .     a - +0 hand axe
rCold  . . .     Gourm    .     e - +0 chain mail
rNeg   . . .     Faith    .     j - +0 shield
rPois  .         Spirit   .     (helmet restricted)
rElec  .         Reflect  .     (no cloak)
rCorr  .         Harm     .     g - +0 pair of gloves
MR     .....                    (no boots)
Stlth  ..........               (no amulet)
                                (no ring)
                                m - ring of magical power (curse)

@: no status effects
A: retaliatory headbutt, horns 2
a: no special abilities


You were on level 3 of the Dungeon.
You were not hungry.

You visited 1 branch of the dungeon, and saw 3 of its levels.

You collected 93 gold pieces.

Inventory:

Hand Weapons
 a - a +0 hand axe (weapon)
Armour
 e - a +0 chain mail (worn)
 g - a +0 pair of gloves (worn)
 i - a +0 leather armour
 j - a +0 shield (worn)
Jewellery
 m - a cursed ring of magical power (left hand)
Scrolls
 b - a scroll of remove curse {unknown}
 d - a scroll of random uselessness {unknown}
 h - 3 scrolls of teleportation {unknown}
 k - a scroll of fog {unknown}
 l - 2 scrolls of amnesia {unknown}
Comestibles
 c - 5 bread rations
 f - a beef jerky
 n - a chunk of flesh
 o - a meat ration


   Skills:
 + Level 4.9 Fighting
 * Level 5.8 Axes
 + Level 2.8 Armour
 - Level 4.0 Dodging
 - Level 1.5 Stealth
 + Level 2.4 Shields


You had 5 spell levels left.
You didn't know any spells.

Dungeon Overview and Level Annotations

Branches:
Dungeon (3/15)

Altars:
Sif Muna

Annotations:
D:3 Grinder


Innate Abilities, Weirdness & Mutations

You reflexively headbutt those who attack you in melee.
You have a pair of horns on your head.


Message History

You hit Grinder.
Grinder is heavily wounded.
Grinder gestures at you. Pain shoots through your body!
* * * LOW HITPOINT WARNING * * *
You hit Grinder.
Grinder is heavily wounded.
Grinder says, "Wait up."
You block Grinder's attack.
You hit Grinder.
Grinder is severely wounded.
Grinder hits you but does no damage.
You hit Grinder.
Grinder is severely wounded.
Grinder hits you but does no damage.
You hit Grinder.
Grinder is severely wounded.
Grinder gestures at you. Pain shoots through your body!
You die...

.) #........))..##
###. ...#
###..#.###### #.
#....###.....#######
#..
#........#......#
#..#
#......#........#
#.#
#...##..(..#......#
.. ...#
#..###.#...%..# ##
.. ...## #........#
#.## ##@5...### #.
#..†#)...# .
........###.# #
........ ## ........
....)... .......
...#>..


You could see Grinder.

Vanquished Creatures
  Sigmund (D:3)
  A phantom (D:3)
  2 adders (D:2)
  A dart slug (D:2)
  2 leopard geckos
  2 giant cockroaches (D:1)
  5 goblins
  3 hobgoblins
  3 jackals (D:2)
  4 bats
  3 frilled lizards
  5 kobolds
  3 rats
35 creatures vanquished.

Notes
Turn   | Place    | Note
-------+----------+-------------------------------------------
     0 | D:1      | Monsterracer the Minotaur Monk began the quest for the Orb.
     0 | D:1      | Reached XP level 1. HP: 19/19 MP: 0/0
   368 | D:1      | Reached XP level 2. HP: 23/27 MP: 1/1
   645 | D:2      | Reached skill level 4 in Axes
   645 | D:2      | Reached skill level 1 in Armour
   738 | D:2      | Reached XP level 3. HP: 33/33 MP: 2/2
  1058 | D:2      | Found a deep blue altar of Sif Muna.
  1375 | D:3      | Noticed a phantom
  1471 | D:3      | Killed a phantom
  1471 | D:3      | Reached skill level 5 in Axes
  1471 | D:3      | Reached skill level 1 in Shields
  1471 | D:3      | Reached XP level 4. HP: 22/41 MP: 3/3
  1471 | D:3      | Reached XP level 5. HP: 25/47 MP: 4/4
  1544 | D:3      | Noticed Grinder
  1546 | D:3      | Noticed Sigmund
  1548 | D:3      | Paralysed by Grinder for 2 turns
  1554 | D:3      | Paralysed by Grinder for 2 turns
  1560 | D:3      | Killed Sigmund
  1560 | D:3      | Reached XP level 6. HP: 25/55 MP: 5/5
  1570 | D:3      | Killed from afar by Grinder

Skill      XL: |  1  2  3  4  5 |
---------------+----------------+-----
Axes           | 4 5 |  5.8
Armour         | 1 2 |  2.8
Fighting       | 4 |  4.9
Dodging        | 4 |  4.0
Shields        | 1 2 |  2.4
Stealth        | |  1.5

Action                   |  1- 3 |  4- 6 || total
-------------------------+-------+-------++-------
Melee: Hand axe          |   126 |    30 ||   156
       Headbutt          |    14 |     8 ||    22
  Use: Potion            |     1 |       ||     1
  Eat: Chunk             |     1 |     1 ||     2
Armor: Chain mail        |    68 |    14 ||    82
Dodge: Dodged            |    25 |     5 ||    30
Block: Shield            |    33 |    12 ||    45
